Map: Mech Depot LE

Players

Snute - Winner!

  • Race: Zerg Zerg
  • Spawn Location: 1:00

Has

  • Race: Protoss Protoss
  • Spawn Location: 7:00

Event: WCS Montreal 2017

VOD

Have the link to the VOD?

Description

Time

  • Played on: Sept. 9, 2017, 1:45 p.m.
  • Length: 13:08

All games in this series

Show
View Real Time Build Order
Export as new Build Order

Snute Zerg - Winner!

Build Orders: Hatch First 

Get SALT Encoding   

  12  0:00  Drone  
  13  0:12  Overlord  
  13  0:17  Drone  
  14  0:30  Drone x2  
  14  0:34  Drone  
  17  0:51  Hatchery  
  17  0:54  Drone  
  17  0:57  Drone  
  17  0:59  Extractor  
  17  1:13  Spawning Pool  
  17  1:16  Drone  
  17  1:20  Drone  
  18  1:27  Drone  
  19  1:38  Overlord  
  19  1:49  Drone  
  20  2:00  Queen, Zergling x2  
  23  2:02  Queen  
  23  2:03  Zergling x2  
  26  2:14  Spine Crawler  
  25  2:16  Metabolic Boost  
  25  2:19  Drone  
  26  2:26  Drone  
  28  2:30  Drone x2  
  29  2:49  Hatchery  
  28  2:55  Drone x2  
  28  2:56  Drone  
  31  3:11  Overlord  
  31  3:25  Overlord  
  31  3:31  Drone x2, Hatchery  
  32  3:38  Drone  
  33  3:46  Drone  
  34  3:54  Queen  
  36  3:57  Drone  
  36  4:01  Drone  
  38  4:05  Queen  
  38  4:08  Zergling x2  
  41  4:13  Zergling x6  
  41  4:14  Zergling x2  
  45  4:22  Zergling x2  
  46  4:24  Zergling x2  
  47  4:32  Drone  
  47  4:37  Drone  
  49  4:45  Drone x2  
  50  4:46  Drone x3  
  50  4:48  Queen x2  
  53  4:57  Spore Crawler  
  53  4:59  Spore Crawler  
  50  5:00  Drone  
  50  5:01  Drone  
  52  5:07  Drone x2  
  52  5:12  Overlord  
  54  5:15  Drone  
  54  5:17  Drone  
  54  5:18  Drone  
  57  5:24  Drone  
  57  5:30  Lair  
  57  5:31  Drone  
  57  5:33  Drone x2, Evolution Chamber  
  57  5:34  Drone  
  60  5:37  Drone  
  60  5:38  Drone  
  60  5:41  Drone x2  
  64  5:44  Overlord  
  61  5:50  Spore Crawler, Overlord  
  61  5:51  Drone  
  61  5:53  Drone  
  61  5:55  Drone  
  61  5:56  Drone  
  62  5:58  Drone  
  62  5:59  Drone  
  62  6:01  Overlord  
  62  6:03  Drone  
  65  6:05  Drone  
  65  6:06  Drone  
  65  6:08  Drone x2  
  65  6:10  Drone  
  70  6:14  Drone x3  
  73  6:18  Zerg Missile Weapons Level 1  
  73  6:19  Extractor  
  72  6:30  Infestation Pit  
  72  6:32  Hatchery  
  68  6:33  Drone  
  68  6:34  Drone x5  
  68  6:38  Drone  
  68  6:39  Drone x2  
  77  6:45  Drone x2  
  79  6:47  Queen  
  79  6:49  Drone  
  79  6:51  Queen  
  79  6:52  Extractor x2  
  79  6:54  Overlord  
  82  6:55  Extractor  
  82  6:56  Overlord  
  82  6:57  Extractor  
  82  7:00  Hydralisk Den  
  79  7:02  Overlord  
  79  7:11  Queen  
  80  7:18  Drone x5  
  80  7:21  Drone  
  86  7:27  Spore Crawler  
  86  7:28  Infestor x3  
  91  7:30  Overlord  
  91  7:39  Drone x3  
  91  7:43  Muscular Augments  
  94  7:47  Hive  
  94  7:48  Drone x2  
  94  7:49  Drone  
  97  7:52  Drone  
  97  7:54  Extractor x2  
  97  7:55  Spore Crawler  
  97  7:56  Zergling x6  
  97  7:57  Zergling x4  
  100  7:59  Drone, Spire  
  100  8:00  Drone x2  
  100  8:02  Drone x2  
  100  8:03  Spore Crawler, Overlord x2  
  100  8:04  Overlord  
  103  8:10  Drone x2  
  105  8:16  Burrow  
  105  8:19  Spore Crawler, Overlord x2  
  104  8:20  Zerg Missile Weapons Level 2, Overlord  
  104  8:26  Drone x2  
  104  8:27  Drone x2  
  103  8:30  Hydralisk  
  103  8:31  Hydralisk  
  103  8:32  Hydralisk  
  109  8:40  Hydralisk x4  
  117  8:46  Hydralisk x2  
  121  9:04  Hydralisk x3  
  127  9:11  Greater Spire  
  127  9:12  Lurker Den  
  127  9:14  Hydralisk x7  
  139  9:22  Hydralisk x4  
  147  9:30  Queen x4  
  155  9:33  Overlord  
  155  9:36  Pathogen Glands  
  154  9:58  Hatchery  
  152  10:00  Overseer x2  
  152  10:06  Pneumatized Carapace  
  152  10:12  Zergling x2  
  152  10:13  Zergling x28  
  167  10:18  Overlord x3  
  167  10:25  Zerg Flyer Armor Level 1  
  165  10:29  Zergling x2  
  165  10:30  Zergling x10  
  159  10:41  Zergling x26  
  170  10:47  Overlord x2  
  170  10:53  Zergling x16  
  178  10:59  Overlord x2  
  178  11:04  Overlord  
  178  11:05  Infestor x4  
  178  11:10  Neural Parasite  
  176  11:19  Infestor x2  
  176  11:20  Infestor x3  
  187  11:27  Hydralisk x6  
  192  11:35  Hydralisk x4  
  190  11:42  Hydralisk  
  190  11:43  Hydralisk  
  186  11:49  Infestor  
  186  11:50  Infestor  
  186  11:53  Hydralisk x3  
  186  11:54  Hydralisk x5  
  182  11:57  Drone  
  182  11:58  Drone x2  
  191  12:08  Zergling x8  
  189  12:25  Hydralisk x5  
  196  12:43  Hydralisk x2  
Show
View Real Time Build Order
Export as new Build Order

Has Protoss 

Build Orders: Carriers 

Get SALT Encoding   

  12  0:01  Probe (Chrono Boost)  
  13  0:12  Probe (Chrono Boost)  
  14  0:21  Pylon  
  14  0:22  Probe (Chrono Boost)  
  15  0:39  Probe (Chrono Boost)  
  16  0:48  Gateway  
  16  0:49  Probe (Chrono Boost)  
  17  0:53  Assimilator  
  17  1:00  Probe (Chrono Boost)  
  18  1:05  Forge  
  18  1:10  Probe (Chrono Boost)  
  19  1:21  Probe (Chrono Boost)  
  20  1:32  Probe (Chrono Boost)  
  21  1:39  Pylon  
  21  1:40  Pylon  
  21  1:41  Pylon  
  21  1:42  Probe (Chrono Boost)  
  22  1:50  Pylon  
  22  1:53  Probe (Chrono Boost)  
  23  2:00  Photon Cannon  
  23  2:08  Photon Cannon  
  23  2:15  Photon Cannon  
  23  2:18  Probe (Chrono Boost)  
  24  2:29  Photon Cannon  
  25  2:36  Cybernetics Core  
  24  2:39  Probe (Chrono Boost)  
  25  2:50  Probe (Chrono Boost)  
  26  3:07  Nexus  
  26  3:09  Cybernetics Core  
  26  3:11  Probe (Chrono Boost)  
  27  3:22  Assimilator  
  27  3:25  Pylon  
  27  3:26  Probe (Chrono Boost)  
  28  3:36  Probe (Chrono Boost)  
  28  3:37  Pylon  
  29  3:47  Probe (Chrono Boost)  
  30  3:56  Stargate  
  30  3:57  Probe (Chrono Boost)  
  30  3:58  Stargate  
  30  4:08  Probe (Chrono Boost)  
  31  4:19  Mothership Core (Chrono Boost)  
  31  4:22  Pylon  
  31  4:23  Probe (Chrono Boost)  
  34  4:34  Probe (Chrono Boost)  
  34  4:37  Probe (Chrono Boost)  
  36  4:41  Nexus  
  36  4:44  Probe (Chrono Boost)  
  37  4:48  Probe (Chrono Boost)  
  37  4:51  Oracle (Chrono Boost)  
  41  4:55  Oracle (Chrono Boost)  
  41  4:58  Probe  
  45  5:02  Pylon  
  45  5:03  Probe  
  46  5:10  Probe, Zealot, Pylon  
  49  5:15  Probe  
  49  5:19  Pylon  
  50  5:22  Probe (Chrono Boost)  
  51  5:30  Probe (Chrono Boost)  
  51  5:33  Assimilator  
  51  5:34  Assimilator, Oracle (Chrono Boost)  
  55  5:36  Probe  
  55  5:41  Probe  
  57  5:43  Phoenix (Chrono Boost)  
  57  5:48  Probe  
  60  5:52  Probe  
  60  5:53  Probe  
  62  6:00  Probe  
  62  6:03  Probe  
  63  6:05  Probe  
  63  6:09  Assimilator  
  65  6:12  Assimilator  
  65  6:13  Probe x2  
  65  6:14  Pylon  
  65  6:17  Probe  
  68  6:18  Photon Cannon  
  68  6:24  Probe  
  68  6:25  Probe  
  69  6:27  Stargate  
  69  6:29  Stargate, Probe  
  71  6:34  Probe  
  71  6:36  Oracle (Chrono Boost)  
  71  6:37  Probe  
  76  6:42  Probe  
  76  6:45  Probe  
  78  6:49  Probe  
  78  6:51  Photon Cannon  
  78  6:53  Oracle (Chrono Boost)  
  78  6:54  Probe, Pylon  
  83  6:55  Probe  
  84  7:01  Nexus  
  84  7:04  Probe  
  84  7:06  Probe  
  84  7:07  Oracle (Chrono Boost)  
  84  7:08  Probe  
  90  7:16  Probe, Photon Cannon  
  90  7:18  Probe x2  
  90  7:19  Pylon  
  93  7:27  Oracle (Chrono Boost)  
  93  7:28  Probe  
  97  7:30  Probe  
  97  7:34  Assimilator, Probe  
  97  7:36  Assimilator  
  99  7:38  Pylon  
  99  7:41  Probe  
  99  7:42  Probe, Protoss Air Weapons Level 1 (Chrono Boost)  
  99  7:43  Oracle (Chrono Boost)  
  104  7:50  Oracle x2 (Chrono Boost)  
  110  7:53  Probe  
  110  7:55  Probe x2  
  113  7:58  Pylon  
  113  8:06  Probe  
  113  8:07  Probe x2  
  116  8:18  Probe  
  116  8:19  Probe  
  118  8:27  Probe  
  118  8:29  Probe  
  118  8:30  Probe  
  118  8:33  Stargate, Fleet Beacon  
  121  8:35  Stargate  
  121  8:37  Photon Cannon  
  121  8:38  Probe, Pylon x2  
  121  8:40  Probe  
  123  8:45  Photon Cannon  
  123  8:47  Photon Cannon  
  123  9:05  Carrier (Chrono Boost)  
  123  9:10  Carrier, Protoss Shields Level 1 (Chrono Boost)  
  123  9:11  Pylon  
  123  9:15  Photon Cannon  
  123  9:16  Carrier x2  
  141  9:17  Photon Cannon  
  141  9:18  Photon Cannon  
  147  9:31  Graviton Catapult  
  153  9:46  Nexus  
  153  9:48  Pylon  
  153  9:50  Pylon  
  153  9:51  Pylon  
  159  9:52  Nexus  
  159  9:54  Pylon  
  132  10:14  Photon Cannon x2  
  132  10:15  Photon Cannon  
  132  10:16  Photon Cannon  
  132  10:17  Photon Cannon  
  132  10:19  Photon Cannon  
  132  10:20  Photon Cannon  
  129  10:22  Photon Cannon  
  129  10:23  Photon Cannon, Pylon  
  129  10:27  Carrier (Chrono Boost)  
  129  10:28  Photon Cannon  
  129  10:29  Photon Cannon  
  129  10:31  Pylon  
  135  10:36  Probe, Protoss Air Weapons Level 2 (Chrono Boost)  
  135  10:37  Probe x2  
  135  10:38  Carrier (Chrono Boost)  
  148  10:44  Photon Cannon, Carrier (Chrono Boost)  
  148  10:46  Photon Cannon  
  148  10:48  Photon Cannon  
  128  10:56  Fleet Beacon  
  115  11:02  Probe x2  
  115  11:03  Mothership Core  
  115  11:11  Photon Cannon  
  116  11:12  Photon Cannon  
  116  11:14  Photon Cannon, Probe  
  116  11:15  Probe  
  116  11:16  Photon Cannon  
  118  11:18  Photon Cannon  
  118  11:20  Photon Cannon  
  118  11:24  Assimilator  
  116  11:26  Assimilator  
  110  11:33  Probe x2  
  103  11:44  Probe  
  103  11:45  Probe x2  
  104  11:48  Oracle (Chrono Boost)  
  107  11:54  Probe  
  107  11:57  Probe  
  107  11:58  Probe  
  110  12:04  Mothership Core  
  110  12:05  Pylon x2  
  112  12:08  Photon Cannon  
  112  12:10  Probe, Photon Cannon  
  112  12:12  Photon Cannon  
  112  12:14  Photon Cannon  
  125  12:20  Nexus  
  125  12:23  Probe  
  125  12:29  Pylon  
  130  12:42  Pylon  
Tags
 
Add a new tag
Caveats
  • Supply blocks, unpowered buildings, or Contaminate may cause inaccurate times.
  • Supply counts are checked every 10 seconds.